| TOP OF THE 1ST |
|
Huron Cubs batting - Pitching for St. Cloud Rox : LHP Jeffrey Hanslovan
|
|
Pitching: LHP Jeffrey Hanslovan
|
|
|
Batting: RHB Joe Pettini
|
0-0: Ground out 6-3 (Groundball, 6M, EV 106.3 MPH)
|
|
Batting: RHB John Alvarez
|
0-0: Called Strike 0-1: Ground out 4-3 (Groundball, 34, EV 96.9 MPH)
|
|
Batting: RHB Charles Curry
|
0-0: Fly out, F3 (Popup, 23F, EV 83.8 MPH)
|
| Top of the 1st over - 0 runs, 0 hits, 0 errors, 0 left on base; Huron 0 - St. Cloud 0 |
| BOTTOM OF THE 1ST |
|
St. Cloud Rox batting - Pitching for Huron Cubs : RHP Roy Moretti
|
|
Pitching: RHP Roy Moretti
|
|
|
Batting: LHB Jesus Diaz
|
0-0: Ball 1-0: Foul Ball, location: 2F 1-1: Ball 2-1: Ball 3-1: Base on Balls
|
|
Batting: SHB Alan Wiggins
|
0-0: Ball 1-0: Ball 2-0: Ball 3-0: Called Strike 3-1: Base on Balls Jesus Diaz to second
|
|
Batting: SHB R J Reynolds
|
0-0: Ball 1-0: Foul Ball, location: 2F 1-1: Ball 2-1: Ball 3-1: Base on Balls Jesus Diaz to third Alan Wiggins to second
|
|
Batting: RHB Mark M Corey
|
0-0: Foul Ball, location: 2F 0-1: Ball 1-1: Ball 2-1: Foul Ball, location: 2F 2-2: Ball 3-2: Foul Ball, location: 2F 3-2: Foul Ball, location: 2F 3-2: Base on Balls Jesus Diaz scores Alan Wiggins to third R J Reynolds to second
|
|
Batting: RHB Ron Gardenhire
|
0-0: Foul Ball, location: 2F 0-1: Fly out, F8 (Flyball, 8LXD, EV 93.1 MPH) Runner from 3rd tags up, SCORES, no throw by CF R J Reynolds to third
|
|
Batting: RHB Lorenzo Gray
|
0-0: Ball 1-0: Swinging Strike Passed Ball! R J Reynolds scores Mark M Corey to second 1-1: SINGLE (Groundball, 56D, EV 105.6 MPH) Mark M Corey to third Runner from 3rd tries for Home, SAFE, throw by LF to home
|
|
Batting: RHB Richard Lane
|
0-0: Called Strike 0-1: Ball 1-1: Ball 2-1: Fly out, F4 (Popup, 4, EV 79.4 MPH)
|
|
Batting: RHB Dennis Sherrill
|
0-0: Called Strike 0-1: Ball 1-1: Ball 2-1: Called Strike Lorenzo Gray steals 2nd base 2-2: Fly out, F7 (Flyball, 78S, EV 85.6 MPH)
|
| Bottom of the 1st over - 4 runs, 1 hit, 0 errors, 1 left on base; Huron 0 - St. Cloud 4 |
| TOP OF THE 2ND |
|
Huron Cubs batting - Pitching for St. Cloud Rox : LHP Jeffrey Hanslovan
|
|
Batting: RHB Leo Hernandez
|
0-0: Ground out 4-3 (Groundball, 4, EV 101.9 MPH)
|
|
Batting: SHB Alfred Nichols
|
0-0: SINGLE (Line Drive, 3D, EV 95.6 MPH)
|
|
Batting: LHB Dennis Mork
|
0-0: Called Strike 0-1: Ball 1-1: Foul Ball, location: 2F 1-2: SINGLE (Groundball, 34D, EV 105.0 MPH) Alfred Nichols to second Runner from 2nd tries for 3rd, SAFE, throw by RF made to third
|
|
Batting: LHB Donald Fusari
|
0-0: Swinging Strike 0-1: Ball 1-1: Fielders Choice at 2nd, 6-4 (Groundball, 56, EV 103.8 MPH) Alfred Nichols scores
|
|
Batting: RHB Robert Benda
|
0-0: Called Strike 0-1: Ball 1-1: Foul Ball, location: 2F 1-2: Foul Ball, location: 2F 1-2: Fielders Choice at 2nd, 5-4 (Groundball, 5, EV 81.9 MPH)
|
| Top of the 2nd over - 1 run, 2 hits, 0 errors, 1 left on base; Huron 1 - St. Cloud 4 |
| BOTTOM OF THE 2ND |
|
St. Cloud Rox batting - Pitching for Huron Cubs : RHP Roy Moretti
|
|
Batting: RHB Rich Velasquez
|
0-0: Ball 1-0: Ball 2-0: SINGLE (Groundball, 56D, EV 103.1 MPH)
|
|
Batting: LHB Jesus Diaz
|
0-0: Foul Ball, location: 2F 0-1: Ball 1-1: Ball 2-1: Ball 3-1: Called Strike 3-2: Fielders Choice at 2nd, 4-6 (Groundball, 34, EV 81.9 MPH)
|
|
Batting: SHB Alan Wiggins
|
0-0: Called Strike 0-1: Ball 1-1: Ball 2-1: Foul Ball, location: 2F 2-2: Foul Ball, location: 2F 2-2: Ball 3-2: Fly out, F8 (Flyball, 8RS, EV 83.8 MPH)
|
|
Batting: SHB R J Reynolds
|
0-0: Called Strike 0-1: Ball 1-1: Ball 2-1: Ball 3-1: Base on Balls Jesus Diaz to second
|
|
Batting: RHB Mark M Corey
|
0-0: Foul Ball, location: 2F 0-1: Ball 1-1: Ball 2-1: Ball 3-1: SINGLE (Line Drive, 8RS, EV 103.1 MPH) Jesus Diaz to third R J Reynolds to second Runner from 3rd tries for Home, SAFE, no throw by CF
|
|
Batting: RHB Ron Gardenhire
|
0-0: Ball 1-0: Ball 2-0: Ball 3-0: Base on Balls R J Reynolds to third Mark M Corey to second
|
|
Batting: RHB Lorenzo Gray
|
0-0: Foul Ball, location: 2F 0-1: Called Strike 0-2: Ball 1-2: Foul Ball, location: 2F 1-2: Fly out, F8 (Line Drive, 8RM, EV 97.5 MPH)
|
| Bottom of the 2nd over - 1 run, 2 hits, 0 errors, 3 left on base; Huron 1 - St. Cloud 5 |
| TOP OF THE 3RD |
|
Huron Cubs batting - Pitching for St. Cloud Rox : LHP Jeffrey Hanslovan
|
|
Batting: RHB John Leavitt
|
0-0: Ball 1-0: Called Strike 1-1: Called Strike 1-2: Foul Ball, location: 2F 1-2: Ball 2-2: Ball 3-2: Strikes out swinging
|
|
Batting: RHB Joe Pettini
|
0-0: Ground out 1-3 (Groundball, 25, EV 85.0 MPH)
|
|
Batting: RHB John Alvarez
|
0-0: Ground out 5-3 (Groundball, 56, EV 76.9 MPH)
|
| Top of the 3rd over - 0 runs, 0 hits, 0 errors, 0 left on base; Huron 1 - St. Cloud 5 |
| BOTTOM OF THE 3RD |
|
St. Cloud Rox batting - Pitching for Huron Cubs : RHP Roy Moretti
|
|
Batting: RHB Richard Lane
|
0-0: Called Strike 0-1: Ball 1-1: Ball 2-1: Foul Ball, location: 2F 2-2: Ball 3-2: SINGLE (Groundball, 56D, EV 106.9 MPH)
|
|
Batting: RHB Dennis Sherrill
|
0-0: DOUBLE (Groundball, 3L, EV 101.3 MPH) Richard Lane to third Runner from 3rd tries for Home, SAFE, throw by RF to home
|
|
Batting: RHB Rich Velasquez
|
0-0: Ball Wild Pitch! Dennis Sherrill to third 1-0: Called Strike 1-1: Called Strike 1-2: Fly out, F2 (Popup, 23F, EV 77.5 MPH)
|
|
Batting: LHB Jesus Diaz
|
0-0: Ball 1-0: SINGLE (Line Drive, 8RS, EV 110.6 MPH) Dennis Sherrill scores
|
|
Batting: SHB Alan Wiggins
|
0-0: Called Strike 0-1: Swinging Strike 0-2: Ball Passed Ball! Jesus Diaz to second 1-2: Ball 2-2: TRIPLE (Flyball, 78XD, EV 93.8 MPH) Jesus Diaz scores
|
|
Batting: SHB R J Reynolds
|
0-0: Called Strike 0-1: Fly out, F8 (Line Drive, 8RD, EV 93.8 MPH) Runner from 3rd tags up, SCORES, throw by CF
|
|
Batting: RHB Mark M Corey
|
0-0: Called Strike 0-1: Fly out, F8 (Flyball, 89D, EV 91.9 MPH)
|
| Bottom of the 3rd over - 4 runs, 4 hits, 0 errors, 0 left on base; Huron 1 - St. Cloud 9 |
| TOP OF THE 4TH |
|
Huron Cubs batting - Pitching for St. Cloud Rox : LHP Jeffrey Hanslovan
|
|
Batting: RHB Charles Curry
|
0-0: Ball 1-0: Ball 2-0: Called Strike 2-1: Foul Ball, location: 2F 2-2: Ball 3-2: Strikes out swinging
|
|
Batting: RHB Leo Hernandez
|
0-0: Foul Ball, location: 2F 0-1: Swinging Strike 0-2: Ball 1-2: Ground out 6-3 (Groundball, 6, EV 85.0 MPH)
|
|
Batting: SHB Alfred Nichols
|
0-0: Ball 1-0: Ball 2-0: Ball 3-0: Base on Balls
|
|
Batting: LHB Dennis Mork
|
0-0: Foul Ball, location: 2F 0-1: Foul Ball, location: 2F 0-2: Foul Ball, location: 2F 0-2: Fly out, F9 (Flyball, 9, EV 95.0 MPH)
|
| Top of the 4th over - 0 runs, 0 hits, 0 errors, 1 left on base; Huron 1 - St. Cloud 9 |
| BOTTOM OF THE 4TH |
|
St. Cloud Rox batting - Pitching for Huron Cubs : RHP Roy Moretti
|
|
Batting: RHB Ron Gardenhire
|
0-0: Swinging Strike 0-1: SINGLE (Line Drive, 6D, EV 95.0 MPH)
|
|
Batting: RHB Lorenzo Gray
|
0-0: Ball 1-0: Called Strike 1-1: Ball 2-1: SINGLE (Groundball, 6MD, EV 104.4 MPH) Ron Gardenhire to second
|
|
Batting: RHB Richard Lane
|
0-0: Ball 1-0: Ball 2-0: Ball 3-0: Called Strike 3-1: Base on Balls Ron Gardenhire to third Lorenzo Gray to second
|
|
Batting: RHB Dennis Sherrill
|
0-0: Ball 1-0: Called Strike 1-1: Foul Ball, location: 2F 1-2: Foul Ball, location: 2F 1-2: Ball 2-2: Ball 3-2: Base on Balls Ron Gardenhire scores Lorenzo Gray to third Richard Lane to second
|
|
Batting: RHB Rich Velasquez
|
0-0: Called Strike 0-1: Fielders Choice at 2nd, 4-6 (Groundball, 4, EV 83.8 MPH) Lorenzo Gray scores Richard Lane to third
|
|
Batting: LHB Jesus Diaz
|
0-0: Ball 1-0: Ball 2-0: SINGLE (Groundball, 4MS, EV 68.1 MPH) (infield hit) Richard Lane scores Rich Velasquez to second
|
|
Batting: SHB Alan Wiggins
|
0-0: Ball 1-0: Ball 2-0: Called Strike 2-1: Foul Ball, location: 2F 2-2: Ball 3-2: Base on Balls Rich Velasquez to third Jesus Diaz to second
|
|
Batting: SHB R J Reynolds
|
0-0: Ball 1-0: Ball 2-0: Ball 3-0: Called Strike 3-1: Swinging Strike 3-2: SINGLE (Line Drive, 78S, EV 108.1 MPH) Rich Velasquez scores Jesus Diaz to third Alan Wiggins to second Runner from 3rd tries for Home, SAFE, throw by LF to home
|
|
Batting: RHB Mark M Corey
|
0-0: Called Strike 0-1: Swinging Strike 0-2: Ball 1-2: Ball 2-2: SINGLE (Line Drive, 9S, EV 87.5 MPH) Alan Wiggins to third R J Reynolds to second
|
|
Batting: RHB Ron Gardenhire
|
0-0: Foul Ball, location: 2F 0-1: Foul Ball, location: 2F 0-2: Strikes out swinging
|
|
Batting: RHB Lorenzo Gray
|
0-0: Swinging Strike 0-1: Ball 1-1: Ball 2-1: Foul Ball, location: 2F 2-2: Ball 3-2: Base on Balls Alan Wiggins scores R J Reynolds to third Mark M Corey to second
|
|
Batting: RHB Richard Lane
|
0-0: Called Strike 0-1: Foul Ball, location: 2F 0-2: Ball 1-2: Ball 2-2: Foul Ball, location: 2F 2-2: Foul Ball, location: 2F 2-2: Ball 3-2: Ground out U3 (Groundball, 34, EV 80.6 MPH)
|
| Bottom of the 4th over - 6 runs, 5 hits, 0 errors, 3 left on base; Huron 1 - St. Cloud 15 |
| TOP OF THE 5TH |
|
Huron Cubs batting - Pitching for St. Cloud Rox : LHP Jeffrey Hanslovan
|
|
Batting: LHB Donald Fusari
|
0-0: Ball 1-0: Fly out, F8 (Line Drive, 8RD, EV 93.8 MPH)
|
|
Batting: RHB Robert Benda
|
0-0: Ball 1-0: Foul Ball, location: 2F 1-1: Ball 2-1: Foul Ball, location: 2F 2-2: Foul Ball, location: 2F 2-2: Foul Ball, location: 2F 2-2: Foul Ball, location: 2F 2-2: Strikes out looking
|
|
Batting: RHB John Leavitt
|
0-0: Foul Ball, location: 2F 0-1: Foul Ball, location: 2F 0-2: Ball 1-2: Ball 2-2: Ball 3-2: Foul Ball, location: 2F 3-2: Strikes out swinging
|
| Top of the 5th over - 0 runs, 0 hits, 0 errors, 0 left on base; Huron 1 - St. Cloud 15 |
| BOTTOM OF THE 5TH |
|
St. Cloud Rox batting - Pitching for Huron Cubs : RHP Roy Moretti
|
|
Batting: RHB Dennis Sherrill
|
0-0: Ball 1-0: Ball 2-0: Called Strike 2-1: Ball 3-1: Swinging Strike 3-2: Foul Ball, location: 2F 3-2: Base on Balls
|
|
Batting: RHB Rich Velasquez
|
0-0: Ball 1-0: Ball 2-0: Fly out, F5 (Flyball, 5D, EV 88.1 MPH)
|
|
Batting: LHB Jesus Diaz
|
0-0: Ball 1-0: Ball 2-0: Ball 3-0: Base on Balls Dennis Sherrill to second
|
|
Batting: SHB Alan Wiggins
|
0-0: Foul Ball, location: 2F 0-1: SINGLE (Line Drive, 78S, EV 94.4 MPH) Dennis Sherrill to third Jesus Diaz to second Runner from 3rd tries for Home, SAFE, no throw by LF
|
|
Batting: SHB R J Reynolds
|
0-0: Ball 1-0: Ball 2-0: Fly out, F7 (Flyball, 7, EV 85.6 MPH)
|
|
Batting: RHB Mark M Corey
|
0-0: Fly out, F5 (Flyball, 5D, EV 88.1 MPH)
|
| Bottom of the 5th over - 1 run, 1 hit, 0 errors, 2 left on base; Huron 1 - St. Cloud 16 |
| TOP OF THE 6TH |
|
Huron Cubs batting - Pitching for St. Cloud Rox : LHP Jeffrey Hanslovan
|
|
Batting: RHB Joe Pettini
|
0-0: Ball 1-0: Called Strike 1-1: Ball 2-1: Fly out, F9 (Flyball, 89XD, EV 96.9 MPH)
|
|
Batting: RHB John Alvarez
|
0-0: Called Strike 0-1: Called Strike 0-2: Strikes out swinging, 2-3 out at first.
|
|
Batting: RHB Charles Curry
|
0-0: Ball 1-0: Called Strike 1-1: Ball 2-1: Ball 3-1: Called Strike 3-2: Ground out 5-3 (Groundball, 56, EV 81.9 MPH)
|
| Top of the 6th over - 0 runs, 0 hits, 0 errors, 0 left on base; Huron 1 - St. Cloud 16 |
| BOTTOM OF THE 6TH |
|
St. Cloud Rox batting - Pitching for Huron Cubs : RHP Roy Moretti
|
|
Batting: RHB Ron Gardenhire
|
0-0: Ball 1-0: Ball 2-0: Ball 3-0: Called Strike 3-1: Base on Balls
|
|
Batting: RHB Lorenzo Gray
|
0-0: Called Strike 0-1: Swinging Strike 0-2: Ball 1-2: SINGLE (Groundball, 56D, EV 98.8 MPH) Ron Gardenhire to second
|
|
Batting: RHB Richard Lane
|
0-0: Ball 1-0: Ball 2-0: Ball 3-0: Base on Balls Ron Gardenhire to third Lorenzo Gray to second
|
|
Batting: RHB Dennis Sherrill
|
0-0: Foul Ball, location: 2F 0-1: Ball 1-1: Ball 2-1: Ball 3-1: Base on Balls Ron Gardenhire scores Lorenzo Gray to third Richard Lane to second
|
|
Batting: RHB Rich Velasquez
|
0-0: Swinging Strike 0-1: Ball 1-1: Ball 2-1: Ball 3-1: Swinging Strike 3-2: Base on Balls Lorenzo Gray scores Richard Lane to third Dennis Sherrill to second
|
|
Batting: LHB Jesus Diaz
|
0-0: Ball 1-0: Ball 2-0: Ball Wild Pitch! Richard Lane scores Dennis Sherrill to third Rich Velasquez to second 3-0: Called Strike 3-1: Base on Balls
|
|
Batting: SHB Alan Wiggins
|
0-0: SINGLE (Groundball, 56S, EV 64.4 MPH) (infield hit) Dennis Sherrill scores Rich Velasquez to third Jesus Diaz to second
|
|
Batting: SHB R J Reynolds
|
0-0: Single, Error in OF, E7, batter to second base (Groundball, 6, EV 99.4 MPH) Rich Velasquez scores Jesus Diaz scores Alan Wiggins to third
|
|
Batting: RHB Mark M Corey
|
0-0: Foul Ball, location: 2F 0-1: Foul Ball, location: 2F 0-2: Ball 1-2: Ball 2-2: Ball 3-2: SINGLE (Groundball, 6MS, EV 88.8 MPH) (infield hit) Alan Wiggins scores R J Reynolds to third
|
|
Batting: RHB Ron Gardenhire
|
0-0: Grounds into double play, 6-4-3 (Groundball, 6, EV 89.4 MPH) R J Reynolds scores
|
|
Batting: RHB Lorenzo Gray
|
0-0: Ball 1-0: Swinging Strike 1-1: Ball 2-1: Ball 3-1: Fly out, F6 (Popup, 15S, EV 90.0 MPH)
|
| Bottom of the 6th over - 8 runs, 4 hits, 1 error, 0 left on base; Huron 1 - St. Cloud 24 |
| TOP OF THE 7TH |
|
Huron Cubs batting - Pitching for St. Cloud Rox : LHP Jeffrey Hanslovan
|
|
Batting: RHB Leo Hernandez
|
0-0: Ball 1-0: Ball 2-0: Ground out 1-3 (Groundball, 13, EV 87.5 MPH)
|
|
Batting: SHB Alfred Nichols
|
0-0: Ball 1-0: Ball 2-0: SINGLE (Groundball, 6MD, EV 104.4 MPH)
|
|
Batting: LHB Dennis Mork
|
0-0: Fly out, F5 (Popup, 5F, EV 69.4 MPH)
|
|
Batting: LHB Donald Fusari
|
0-0: Swinging Strike 0-1: Called Strike 0-2: Ball 1-2: Foul Ball, location: 2F 1-2: Fly out, F5 (Popup, 5F, EV 71.9 MPH)
|
| Top of the 7th over - 0 runs, 1 hit, 0 errors, 1 left on base; Huron 1 - St. Cloud 24 |
| BOTTOM OF THE 7TH |
|
St. Cloud Rox batting - Pitching for Huron Cubs : RHP Roy Moretti
|
|
Batting: RHB Richard Lane
|
0-0: Ball 1-0: Called Strike 1-1: Ball 2-1: Foul Ball, location: 2F 2-2: SINGLE (Line Drive, 4D, EV 94.4 MPH)
|
|
Batting: RHB Dennis Sherrill
|
0-0: Called Strike Passed Ball! Richard Lane to second 0-1: Ball 1-1: Ground out 6-3 (Groundball, 6, EV 105.6 MPH)
|
|
Batting: RHB Rich Velasquez
|
0-0: Fly out, F7 (Flyball, 7LM, EV 91.9 MPH)
|
|
Batting: LHB Jesus Diaz
|
0-0: Called Strike 0-1: Swinging Strike 0-2: Foul Ball, location: 2F 0-2: Ball 1-2: Ball 2-2: Foul Ball, location: 2F 2-2: Foul Ball, location: 2F 2-2: Ball 3-2: Reached on error, E7 (Flyball, 7S, EV 77.5 MPH) Richard Lane scores
|
|
Batting: SHB Alan Wiggins
|
0-0: Ball 1-0: Ball 2-0: Ball 3-0: Base on Balls
|
|
Batting: SHB R J Reynolds
|
0-0: Called Strike 0-1: Fielders Choice at 2nd, 6-4 (Groundball, 6, EV 96.9 MPH)
|
| Bottom of the 7th over - 1 run, 1 hit, 1 error, 2 left on base; Huron 1 - St. Cloud 25 |
| TOP OF THE 8TH |
|
Huron Cubs batting - Pitching for St. Cloud Rox : LHP Jeffrey Hanslovan
|
|
Batting: RHB Robert Benda
|
0-0: Ball 1-0: Ball 2-0: Called Strike 2-1: Ball 3-1: Called Strike 3-2: Foul Ball, location: 2F 3-2: Ground out 6-3 (Groundball, 6MS, EV 71.9 MPH)
|
|
Batting: RHB John Leavitt
|
0-0: Called Strike 0-1: Called Strike 0-2: Fly out, F8 (Flyball, 8LD, EV 92.5 MPH)
|
|
Batting: RHB Joe Pettini
|
0-0: Ball 1-0: Foul Ball, location: 2F 1-1: Foul Ball, location: 2F 1-2: Fly out, F8 (Flyball, 8LD, EV 103.8 MPH)
|
| Top of the 8th over - 0 runs, 0 hits, 0 errors, 0 left on base; Huron 1 - St. Cloud 25 |
| BOTTOM OF THE 8TH |
|
St. Cloud Rox batting - Pitching for Huron Cubs : RHP Roy Moretti
|
|
Batting: RHB Mark M Corey
|
0-0: Called Strike 0-1: Swinging Strike 0-2: Strikes out swinging
|
|
Batting: RHB Ron Gardenhire
|
0-0: Ball 1-0: Called Strike 1-1: Foul Ball, location: 2F 1-2: Foul Ball, location: 2F 1-2: Foul Ball, location: 2F 1-2: Ground out 6-3 (Groundball, 6, EV 83.8 MPH)
|
|
Batting: RHB Lorenzo Gray
|
0-0: Called Strike 0-1: SINGLE (Line Drive, 7S, EV 101.9 MPH)
|
|
Batting: RHB Richard Lane
|
0-0: Ball 1-0: SINGLE (Line Drive, 4MD, EV 98.8 MPH) Lorenzo Gray to second
|
|
Batting: RHB Dennis Sherrill
|
0-0: Ball 1-0: Ball 2-0: Ball 3-0: Called Strike 3-1: Foul Ball, location: 2F 3-2: Reached on error, E5 (Groundball, 56, EV 83.8 MPH) Lorenzo Gray scores Richard Lane to third
|
|
Batting: RHB Rich Velasquez
|
0-0: Called Strike 0-1: Foul Ball, location: 2F 0-2: Fly out, F8 (Line Drive, 8LD, EV 91.9 MPH)
|
| Bottom of the 8th over - 1 run, 2 hits, 1 error, 2 left on base; Huron 1 - St. Cloud 26 |
| TOP OF THE 9TH |
|
Huron Cubs batting - Pitching for St. Cloud Rox : LHP Jeffrey Hanslovan
|
|
Pitching: RHP Rico Garcia
|
|
|
Batting: RHB John Alvarez
|
0-0: Fly out, F4 (Popup, 34S, EV 70.6 MPH)
|
|
Batting: RHB Charles Curry
|
0-0: Called Strike 0-1: Ball 1-1: Foul Ball, location: 2F 1-2: Ball 2-2: Ball 3-2: Foul Ball, location: 2F 3-2: Fly out, F7 (Line Drive, 7, EV 90.6 MPH)
|
|
Batting: RHB Leo Hernandez
|
0-0: Called Strike 0-1: Swinging Strike 0-2: Strikes out swinging
|
| Top of the 9th over - 0 runs, 0 hits, 0 errors, 0 left on base; Huron 1 - St. Cloud 26 |
|